 Dungeon Crawl Stone Soup version 0.19.1-1-g22dce08 (webtiles) character file.

541 Alarkh the Cleaver (level 7, 24/57 HPs)
             Began as a Black Draconian Monk on Jan 4, 2017.
             Was a Believer of Okawaru.
             Quit the game on level 5 of the Dungeon.
             The game lasted 00:04:54 (3542 turns).

Alarkh the Cleaver (Black Draconian Monk)           Turns: 3542, Time: 00:04:54

Health: 24/57      AC:  6    Str: 14    XL:     7   Next: 5%
Magic:  7/7        EV: 13    Int: 12    God:    Okawaru [**....]
Gold:   111        SH:  0    Dex: 13    Spells: 0 memorised, 6 levels left

rFire  . . .     SeeInvis .     a - +0 hand axe
rCold  . . .     Gourm    .     (armour unavailable)
rNeg   . . .     Faith    .     (no shield)
rPois  .         Spirit   .     (helmet restricted)
rElec  +         Reflect  .     (no cloak)
rCorr  .         Harm     .     (no gloves)
MR     .....                    (no boots)
Stlth  ++........               (no amulet)
                                (no ring)
                                (no ring)

@: short of breath
A: breathe lightning, unfitting armour, electricity resistance, cold-blooded, AC
+6
a: Breathe Lightning, Heroism, Renounce Religion


You were on level 5 of the Dungeon.
You worshipped Okawaru.
Okawaru was pleased with you.
You were not hungry.

You visited 1 branch of the dungeon, and saw 5 of its levels.

You collected 111 gold pieces.

Inventory:

Hand Weapons
 a - a +0 hand axe (weapon)
Scrolls
 c - a scroll of fear {unknown}
 d - a scroll of fog
 e - 2 scrolls of identify
 f - 2 scrolls of remove curse
 g - a scroll of teleportation {unknown}
 i - a scroll of recharging {unknown}
 j - a scroll of blinking
 n - 2 scrolls of noise {unknown}
 q - 2 scrolls of amnesia {unknown}
 s - a scroll of enchant weapon {unknown}
Potions
 l - 2 potions of lignification
 o - 2 potions of flight
Comestibles
 b - 3 bread rations
 h - 3 fruits
 m - a meat ration


   Skills:
 - Level 3.2 Fighting
 + Level 8.1 Axes
 - Level 2.6 Dodging
 - Level 1.7 Stealth


You had 6 spell levels left.
You didn't know any spells.

Dungeon Overview and Level Annotations

Branches:
Dungeon (5/15)             Temple (0/1) D:4

Altars:
Cheibriados
Elyvilon
Okawaru
Ru
Uskayaw
Yredelemnul


Innate Abilities, Weirdness & Mutations

You can breathe wild blasts of lightning.
Your glossy black scales are hard. (AC +6)
You cannot fit into any form of body armour.
You are resistant to electric shocks. (rElec)
You are cold-blooded and may be slowed by cold attacks.


Message History

Okawaru accepts your kill.
You have reached level 7!
Your scales start taking on a glossy black colour.
You learn Air Magic much quicker.
You learn Earth Magic much slower.
You can breathe wild blasts of lightning.
You feel insulated.
Okay, then.
You climb downwards.
A hound skeleton comes into view.
There is a stone staircase leading up here.
You breathe a wild blast of lightning!
The orb of electricity explodes!
The orb of electricity engulfs you! You resist.
The orb of electricity engulfs the hound skeleton.
You destroy the hound skeleton!
Okawaru accepts your kill.
The orb of electricity explodes!
The orb of electricity engulfs you! You resist.
You feel somewhat more hungry.
You hear a shout!
Okay, then.
Are you sure you want to abandon this character and quit the game? (Confirm with "yes".)

.
.##
..#
#.#
#.#
#.#
#.#
#@#
#.#
#.#
#..
###


There were no monsters in sight!

Vanquished Creatures
  Sigmund (D:3)
  A phantom (D:4)
  A bullfrog (D:3)
  A hound (D:4)
  3 worker ants (D:4)
  A hound skeleton (D:5)
  3 adders
  2 oozes (D:2)
  5 worms
  4 leopard geckos
  14 orcs
  2 giant cockroaches
  5 goblins
  8 hobgoblins
  3 jackals (D:3)
  3 kobolds
  A quokka (D:2)
  8 bats
  3 frilled lizards (D:2)
  2 rats (D:1)
71 creatures vanquished.

Notes
Turn   | Place    | Note
-------+----------+-------------------------------------------
     0 | D:1      | Alarkh the Draconian Monk began the quest for the Orb.
     0 | D:1      | Reached XP level 1. HP: 19/19 MP: 1/1
    63 | D:2      | Reached XP level 2. HP: 20/26 MP: 2/2
   110 | D:2      | Found a snail-covered altar of Cheibriados.
   161 | D:2      | Reached skill level 4 in Axes
   231 | D:2      | Gained mutation: You have a pair of small horns on your head. [potion of beneficial mutation]
   670 | D:1      | Reached XP level 3. HP: 31/31 MP: 3/3
  1698 | D:2      | Reached XP level 4. HP: 28/38 MP: 4/4
  1825 | D:3      | Noticed Sigmund
  1826 | D:3      | Reached skill level 5 in Axes
  2029 | D:3      | Killed Sigmund
  2029 | D:3      | Reached skill level 6 in Axes
  2029 | D:3      | Reached XP level 5. HP: 28/45 MP: 5/5
  2102 | D:3      | Reached XP level 6. HP: 36/51 MP: 6/6
  2280 | D:3      | Reached skill level 7 in Axes
  2412 | D:3      | Found a hide-covered altar of Uskayaw.
  2417 | D:3      | Found a basalt altar of Yredelemnul.
  2420 | D:3      | Found a sacrificial altar of Ru.
  2423 | D:3      | Found a white marble altar of Elyvilon.
  2956 | D:4      | Found an iron altar of Okawaru.
  3382 | D:4      | Lost mutation: You have a pair of small horns on your head. [potion of cure mutation]
  3384 | D:4      | Became a worshipper of Warmaster Okawaru
  3384 | D:4      | Reached * piety under Okawaru
  3384 | D:4      | Reached ** piety under Okawaru
  3469 | D:4      | Found a staircase to the Ecumenical Temple.
  3514 | D:4      | Reached skill level 8 in Axes
  3538 | D:4      | Your scales start taking on a glossy black colour.
  3538 | D:4      | Reached XP level 7. HP: 33/57 MP: 7/7
  3538 | D:4      | Gained mutation: You are resistant to electric shocks. (rElec) [Black Draconian growth]
  3540 | D:5      | Entered Level 5 of the Dungeon
  3542 | D:5      | Quit the game

Skill      XL: |  1  2  3  4  5  6 |
---------------+-------------------+-----
Axes           | 4 6 8 |  8.1
Fighting       | |  3.2
Dodging        | |  2.6
Stealth        | |  1.7

Action                   |  1- 3 |  4- 6 |  7- 9 || total
-------------------------+-------+-------+-------++-------
Melee: Hand axe          |   103 |   182 |       ||   285
       Tailslap          |     7 |    23 |       ||    30
       Headbutt          |    12 |    27 |       ||    39
 Abil: Breathe Lightning |       |       |     1 ||     1
  Use: Potion            |     2 |     3 |       ||     5
       Scroll            |     1 |     4 |       ||     5
 Stab: Sleeping          |     5 |     2 |       ||     7
  Eat: Chunk             |     3 |     6 |       ||     9
Armor: Skin              |    27 |    37 |       ||    64
Dodge: Dodged            |    65 |   129 |       ||   194
